 Dungeon Crawl Stone Soup version 0.21.1-1-g345015f (webtiles) character file.

10483 pk666 the Thaumaturge (level 11, -3/54 HPs)
             Began as a Deep Elf Wizard on Feb 13, 2018.
             Was a Follower of Vehumet.
             Slain by a cyan ugly thing (4 damage)
             ... on level 12 of the Dungeon.
             The game lasted 00:39:45 (13969 turns).

pk666 the Thaumaturge (Deep Elf Wizard)            Turns: 13969, Time: 00:39:46

Health: -3/54      AC:  6    Str:  7    XL:     11   Next: 36%
Magic:  15/29      EV: 15    Int: 27    God:    Vehumet [*.....]
Gold:   630        SH:  0    Dex: 13    Spells: 23/35 levels left

rFire    + . .     SeeInvis .   x - +0 dagger (elec)
rCold    . . .     Gourm    .   (no shield)
rNeg     . . .     Faith    .   a - +0 robe
rPois    .         Spirit   .   b - +0 hat
rElec    .         Reflect  .   u - +0 cloak
rCorr    +         Harm     .   K - +2 pair of gloves {Str+3}
MR       +....                  (no boots)
Stlth    ++........             (no amulet)
HPRegen  0.18/turn              C - ring of resist corrosion
MPRegen  0.21/turn              I - ring of protection from fire

@: marked
A: no striking features
a: Renounce Religion


You were on level 12 of the Dungeon.
You worshipped Vehumet.
Vehumet was aware of your devotion.
You were not hungry.

You visited 2 branches of the dungeon, and saw 12 of its levels.

You collected 630 gold pieces.

Inventory:

Hand Weapons
 x - a +0 dagger of electrocution (weapon)
Missiles
 h - 6 steel javelins (quivered)
Armour
 a - a +0 robe (worn)
 b - a +0 hat (worn)
 q - a scarf of cloud immunity
 u - a +0 cloak (worn)
 K - a +2 pair of gloves of strength (worn)
Jewellery
 C - a ring of resist corrosion (left hand)
 I - a ring of protection from fire (right hand)
 L - an uncursed ring of positive energy {unknown}
Wands
 w - a wand of flame (55)
 y - a wand of polymorph (13)
 A - a wand of scattershot (4)
 G - a wand of iceblast (8)
 M - a wand of disintegration (13)
Scrolls
 e - 7 scrolls of identify
 f - 5 scrolls of remove curse
 g - 2 scrolls of fog {unknown}
 i - 4 scrolls of enchant weapon {unknown}
 l - 5 scrolls of teleportation {unknown}
 m - a scroll of magic mapping {unknown}
 o - 6 scrolls of immolation {unknown}
 t - 3 scrolls of blinking {unknown}
 v - a scroll of random uselessness {unknown}
 E - 2 scrolls of amnesia {unknown}
 J - a scroll of fear {unknown}
Potions
 j - 3 potions of curing {unknown}
 k - 2 potions of flight
 n - a potion of lignification {unknown}
 p - 2 potions of heal wounds
 r - a potion of resistance {unknown}
 s - a potion of might {unknown}
 z - 2 potions of haste {unknown}
 B - a potion of agility {unknown}
 F - a potion of cancellation {unknown}
Books
 c - a book of Minor Magic

   Spells                             Type                      Level
   a - Magic Dart                     Conjuration                  1
   b - Blink                          Translocation                2
   c - Call Imp                       Summoning                    2
   d - Slow                           Hexes                        2
   e - Conjure Flame                  Conjuration/Fire             3
   f - Mephitic Cloud                 Conjuration/Poison/Air       3
 D - a book of Geomancy

   Spells                             Type                      Level
   a - Sandblast                      Earth                        1
   b - Passwall                       Transmutation/Earth          2
   c - Stone Arrow                    Conjuration/Earth            3
   d - Petrify                        Transmutation/Earth          4
   e - Lee's Rapid Deconstruction     Earth                        5
 H - a book of Maledictions

   Spells                             Type                      Level
   a - Corona                         Hexes                        1
   b - Ensorcelled Hibernation        Hexes/Ice                    2
   c - Confuse                        Hexes                        3
   d - Tukima's Dance                 Hexes                        3
   e - Dazzling Spray                 Conjuration/Hexes            3
Comestibles
 d - 22 rations
 N - 2 chunks of flesh


   Skills:
 * Level 6.3 Dodging
 - Level 2.4 Stealth
 + Level 12.8 Spellcasting
 + Level 10.4 Conjurations
   Level 1.1 Summonings
 - Level 3.9 Translocations
 + Level 10.4 Fire Magic
 - Level 2.0 Air Magic
 - Level 3.1 Poison Magic


You had 23 spell levels left.
You knew the following spells:

 Your Spells              Type           Power        Failure   Level  Hunger
a - Magic Dart            Conj           ####         1%          1    None
b - Blink                 Tloc           N/A          1%          2    None
c - Stone Arrow           Conj/Erth      #####.       1%          3    None
d - Conjure Flame         Conj/Fire      ######..     1%          3    None
z - Mephitic Cloud        Conj/Pois/Air  #####...     1%          3    None


Dungeon Overview and Level Annotations

Branches:
Dungeon (10/15)            Temple (1/1) D:7            Lair (0/6) D:8
    Orc (0/2) D:10

Altars:
Ashenzari
Cheibriados
Dithmenos
Elyvilon
Gozag
Hepliaklqana
Kikubaaqudgha
Makhleb
Nemelex Xobeh
Okawaru
Qazlal
Ru
Sif Muna
Trog
Uskayaw
Vehumet
Wu Jian
Xom
Yredelemnul
Zin
The Shining One
Lugonu

Shops:
D:10 (


Message History

Aim: a troll (heavily wounded)
The stone arrow hits the cyan ugly thing.
The cyan ugly thing is moderately wounded.
The cyan ugly thing is engulfed in blazing flames.
The cyan ugly thing trunk-slaps you! The cyan ugly thing shocks you!
The cyan ugly thing is engulfed in blazing flames.
Casting: Stone Arrow
Confirm with . or Enter, or press ? or * to list all spells.
You blink.
The cyan ugly thing trunk-slaps you.
* * * LOW HITPOINT WARNING * * *
The cyan ugly thing shocks you!
* * * LOW HITPOINT WARNING * * *
Casting: Blink
Confirm with . or Enter, or press ? or * to list all spells.
Aiming: Stone Arrow
Press: ? - help, Shift-Dir - straight line, f - cyan ugly thing
Aim: a cyan ugly thing (severely wounded)
The stone arrow misses the cyan ugly thing.
The cyan ugly thing trunk-slaps you.
You die...

#.....#
#.#.#.#
#.....#
#.....#
#.#.#.#
#.....#
#.....#
###.#.#.#
#.#§u@..#
#.#.....#
#Q§.....#
#.#######
#.# #.#
#u###
#.#..
#u#.#


You could see a cyan ugly thing and a tengu warrior.

Vanquished Creatures
  A two-headed ogre (D:8)
  7 death yaks (D:8)
  An ugly thing (D:12)
  A hornet (D:8)
  Sigmund (D:5)
  A human (D:7)
  4 hogs (D:7)
  A hungry ghost (D:10)
  Duvessa (D:4)
  8 ice beasts
  7 ogres
  3 centaurs
  A necrophage (D:10)
  3 bullfrogs
  A wyvern zombie (D:6)
  A wyvern skeleton (D:12)
  Dowan (D:5)
  8 killer bees
  5 crimson imps
  2 centaur zombies (D:9)
  A bullfrog zombie (D:8)
  4 hounds
  4 jellies
  A centaur skeleton (D:4)
  4 orc priests
  Ijyb (D:5)
  3 iguanas
  9 orc wizards
  6 worker ants
  Terence (D:3)
  2 hound skeletons (D:7)
  A worker ant zombie (D:9)
  3 adders
  An ooze (D:1)
  5 worms
  4 leopard geckos
  29 orcs
  3 ball pythons
  6 giant cockroaches
  8 hobgoblins
  4 jackals
  3 quokkas
  7 bats
  4 frilled lizards
  11 goblins
  3 kobolds
  7 rats
193 creatures vanquished.

Notes
Turn   | Place    | Note
-------+----------+-------------------------------------------
     0 | D:1      | pk666 the Deep Elf Wizard began the quest for the Orb.
     0 | D:1      | Reached XP level 1. HP: 10/10 MP: 7/7
   333 | D:1      | Reached XP level 2. HP: 15/15 MP: 4/9
   401 | D:1      | Found a shimmering altar of Xom.
   466 | D:1      | Found a hazy altar of Hepliaklqana.
   466 | D:1      | Found a sacrificial altar of Ru.
   469 | D:1      | Found a sparkling altar of Nemelex Xobeh.
   469 | D:1      | Found a sparkling altar of Nemelex Xobeh.
   469 | D:1      | Found a shimmering altar of Xom.
  1047 | D:1      | Reached XP level 3. HP: 19/19 MP: 6/11
  1203 | D:2      | Reached skill level 5 in Spellcasting
  1951 | D:2      | Found a white marble altar of Elyvilon.
  1951 | D:2      | Found a glowing golden altar of the Shining One.
  1952 | D:2      | Found a glowing silver altar of Zin.
  2255 | D:2      | Reached XP level 4. HP: 24/24 MP: 5/13
  2313 | D:2      | Learned a level 2 spell: Blink
  2317 | D:2      | Learned a level 3 spell: Mephitic Cloud
  2321 | D:2      | Learned a level 3 spell: Conjure Flame
  2446 | D:3      | Noticed Terence
  3077 | D:3      | Found a shattered altar of Ashenzari.
  3194 | D:3      | Killed Terence
  3339 | D:3      | Found a white marble altar of Elyvilon.
  3864 | D:3      | Found a faded altar of an unknown god.
  4031 | D:4      | Noticed an ogre
  4047 | D:4      | Killed an ogre
  4047 | D:4      | Reached skill level 1 in Fire Magic
  4047 | D:4      | Reached skill level 1 in Air Magic
  4047 | D:4      | Reached skill level 1 in Poison Magic
  4047 | D:4      | Reached XP level 5. HP: 28/28 MP: 4/15
  4149 | D:4      | Noticed a hand axe
  4150 | D:4      | Noticed a dagger
  4152 | D:4      | Found a hide-covered altar of Uskayaw.
  4292 | D:4      | Found an ornate altar of the Wu Jian Council.
  4337 | D:4      | Noticed an ogre
  4531 | D:4      | Noticed an ogre
  4600 | D:4      | Killed an ogre
  4600 | D:4      | Reached XP level 6. HP: 31/32 MP: 3/16
  4841 | D:4      | Found an opulent altar of Gozag.
  4982 | D:4      | Reached skill level 6 in Spellcasting
  5222 | D:4      | Reached XP level 7. HP: 36/36 MP: 4/18
  5506 | D:5      | Entered Level 5 of the Dungeon
  5708 | D:5      | Reached skill level 5 in Dodging
  5900 | D:5      | Found a deep blue altar of Sif Muna.
  6172 | D:5      | Reached skill level 7 in Spellcasting
  6237 | D:5      | Reached XP level 8. HP: 41/41 MP: 8/20
  6329 | D:5      | Noticed Ijyb
  6345 | D:5      | Killed Ijyb
  6543 | D:5      | Noticed Duvessa
  6568 | D:5      | Noticed Dowan
  6654 | D:5      | Killed Dowan
  6936 | D:5      | Reached skill level 5 in Fire Magic
  7074 | D:5      | Noticed Sigmund
  7082 | D:5      | Killed Sigmund
  7082 | D:5      | Reached skill level 5 in Conjurations
  7243 | D:4      | Killed Duvessa
  7428 | D:6      | Reached skill level 8 in Spellcasting
  7618 | D:6      | Learned a level 3 spell: Stone Arrow
  8580 | D:7      | Found a stormy altar of Qazlal.
  8706 | D:7      | Reached skill level 9 in Spellcasting
  8706 | D:7      | Reached XP level 9. HP: 45/45 MP: 16/24
  8778 | D:7      | Found a staircase to the Ecumenical Temple.
  8796 | Temple   | Entered the Ecumenical Temple
  8823 | Temple   | Became a worshipper of Vehumet
  9611 | D:7      | Reached skill level 10 in Spellcasting
 10286 | D:8      | Found a sacrificial altar of Ru.
 10286 | D:8      | Found an ancient bone altar of Kikubaaqudgha.
 10287 | D:8      | Found a shadowy altar of Dithmenos.
 10287 | D:8      | Found a deep blue altar of Sif Muna.
 10287 | D:8      | Found a sparkling altar of Nemelex Xobeh.
 10435 | D:8      | Noticed a two-headed ogre
 10447 | D:8      | Killed a two-headed ogre
 10676 | D:8      | Found a staircase to the Lair.
 10678 | D:8      | Noticed a death yak
 10678 | D:8      | Noticed a death yak
 10678 | D:8      | Noticed a death yak
 10679 | D:8      | Noticed a death yak
 10679 | D:8      | Noticed a death yak
 10696 | D:8      | Killed a death yak
 10696 | D:8      | Reached XP level 10. HP: 50/50 MP: 7/26
 10700 | D:8      | Killed a death yak
 10700 | D:8      | Reached skill level 11 in Spellcasting
 11429 | D:8      | Noticed a death yak
 11448 | D:8      | Killed a death yak
 11449 | D:8      | Noticed a death yak
 11449 | D:8      | Killed a death yak
 11449 | D:8      | Reached skill level 12 in Spellcasting
 11450 | D:8      | Killed a death yak
 11450 | D:8      | Reached * piety under Vehumet
 11450 | D:8      | Offered knowledge of Shock by Vehumet.
 11454 | D:8      | Killed a death yak
 11454 | D:8      | Reached skill level 10 in Conjurations
 11454 | D:8      | Reached skill level 10 in Fire Magic
 11454 | D:8      | Reached XP level 11. HP: 23/54 MP: 0/29
 11458 | D:8      | Killed a death yak
 13087 | D:9      | Found an iron altar of Okawaru.
 13353 | D:10     | Entered Level 10 of the Dungeon
 13429 | D:10     | Found Puituck's Weapon Boutique.
 13437 | D:10     | Found a staircase to the Orcish Mines.
 13780 | D:10     | You fall through a shaft for 2 floors!
 13944 | D:12     | Noticed a purple ugly thing
 13955 | D:12     | Noticed a cyan ugly thing
 13956 | D:12     | Noticed a tengu warrior
 13964 | D:12     | Killed a purple ugly thing
 13968 | D:12     | HP: 1/54 [cyan ugly thing (14)]
 13969 | D:12     | Slain by a cyan ugly thing

Skill      XL: |  1  2  3  4  5  6  7  8  9 10 11 |
---------------+----------------------------------+-----
Dodging        | 3 4 5 6 |  6.3
Conjurations   | 2 3 4 6 8 10 | 10.4
Spellcasting   | 5 6 7 9 10 12 | 12.8
Fire Magic     | 1 2 3 4 6 8 10 | 10.4
Air Magic      | 1 2 |  2.0
Poison Magic   | 1 2 3 |  3.1
Translocations | 3 |  3.9
Stealth        | |  2.4
Summonings     | |  1.1

Action                   |  1- 3 |  4- 6 |  7- 9 | 10-12 || total
-------------------------+-------+-------+-------+-------++-------
Melee: Dagger            |       |    10 |    18 |    25 ||    53
 Cast: Magic Dart        |   116 |   136 |   163 |    23 ||   438
       Mephitic Cloud    |       |     9 |    17 |    11 ||    37
       Blink             |       |     5 |     6 |     1 ||    12
       Conjure Flame     |       |     9 |    21 |    22 ||    52
       Stone Arrow       |       |       |    91 |    67 ||   158
  Use: Scroll            |       |     2 |       |     1 ||     3
 Stab: Confused          |       |       |     1 |     1 ||     2
  Eat: Chunk             |     4 |     6 |    12 |     4 ||    26
       Ration            |       |     1 |     1 |     2 ||     4
Armor: Robe              |     3 |     1 |    11 |     1 ||    16
Dodge: Dodged            |    15 |    15 |    45 |    18 ||    93
